 Dungeon Crawl Stone Soup version 0.27.1-4-g1640c2035a (webtiles) character file.

Game seed: 14067792704685676452

20 bearlyready the Cutter (level 3, 23/23 HPs)
             Began as a Kobold Berserker on Nov 17, 2021.
             Was a Follower of Trog.
             Quit the game on level 1 of the Dungeon.
             The game lasted 00:00:45 (664 turns).

bearlyready the Cutter (Kobold Berserker)            Turns: 664, Time: 00:00:46

Health: 23/23      AC:  2    Str: 15    XL:     3   Next: 0%
Magic:  3/3        EV: 14    Int:  8    God:    Trog [*.....]
Gold:   0          SH:  0    Dex: 14    Spells: 2/2 levels left

rFire    . . .     SeeInvis .   a - +0 short sword
rCold    . . .     Faith    .   (shield restricted)
rNeg     . . .     Spirit   .   b - +0 animal skin
rPois    .         Reflect  .   (no helmet)
rElec    .         Harm     .   (no cloak)
rCorr    .         Rampage  .   (no gloves)
Will     .....                  (no boots)
Stlth    +++.......             (no amulet)
HPRegen  0.07/turn              (no ring)
MPRegen  0.08/turn              (no ring)

@: no status effects
A: small, no large weapons, nightstalker 3
a: Renounce Religion, Berserk


You were on level 1 of the Dungeon.
You worshipped Trog.
Trog was aware of your devotion.
You visited 1 branch of the dungeon, and saw 1 of its levels.

Inventory:

Hand Weapons
 a - a +0 short sword (weapon)
Missiles
 c - 17 poisoned darts (quivered)
Armour
 b - a +0 animal skin (worn)
Scrolls
 d - a scroll of magic mapping {unknown}
 e - a scroll of noise {unknown}
 f - a scroll of holy word {unknown}
 g - a scroll of enchant armour {unknown}
 h - 2 scrolls of identify {unknown}


   Skills:
 - Level 3.2 Fighting
 + Level 4.7 Short Blades
 - Level 1.5 Armour
 - Level 2.4 Dodging
 + Level 2.3 Stealth


You had 2 spell levels left.
You didn't know any spells.
Your spell library was empty.

Dungeon Overview and Level Annotations

Branches:
Dungeon (1/15)

Altars:


Innate Abilities, Weirdness & Mutations

You are small and have problems with some larger weapons.
You are completely attuned to the shadows.


Message History

The ball python bites you but does no damage.
The ball python constricts you.
You hit the ball python.
You kill the ball python!
Trog accepts your kill.
You see here a ball python corpse.
No target in view!
Found a stone staircase leading down.
A ball python comes into view.
The ball python hisses angrily.
A ball python is nearby!
A ball python is nearby!
You hit the ball python but do no damage.
The ball python barely misses you. The ball python misses you.
You barely miss the ball python. The ball python misses you.
The ball python closely misses you.
You closely miss the ball python. The ball python barely misses you.
The ball python closely misses you. x2; The ball python grabs you.
The ball python constricts you.
You closely miss the ball python.
The ball python bites you but does no damage.
The ball python constricts you.
You closely miss the ball python.
The ball python bites you but does no damage.
The ball python constricts you.
You hit the ball python but do no damage.
The ball python misses you. The ball python constricts you.
You hit the ball python.
You kill the ball python!
Trog accepts your kill.
You have reached level 3!
Your experience leads to an increase in your attributes!
Increase (S)trength, (I)ntelligence, or (D)exterity?
You feel stronger.
Found a scroll labelled TOSALU AXELEEB.
h - 2 scrolls labelled TOSALU AXELEEB (gained 1)
A dart slug comes into view.
A dart slug is nearby!
The dart slug closely misses you.
Are you sure you want to abandon this character and quit the game? (Confirm with "yes".)

########..........###
#..
#..######....####..
##.# ##.........
###.### ####.#....
#.....# #...#..
#.....# ###..#..
#.....# ###....#..
#.....# #...#...##
#..@w.# #.#####...
###.### #.# ##. #.#
#.# ### #.# ####.#
#.# #.# ##....# #.###
#..######...## ##.##
#>....... #..#
#........
#.#####........


You could see a dart slug.

Vanquished Creatures
  5 ball pythons (D:1)
  3 hobgoblins (D:1)
  4 jackals (D:1)
  A kobold (D:1)
  2 goblins (D:1)
  A rat (D:1)
16 creatures vanquished.

Notes
Turn   | Place    | Note
-------+----------+-------------------------------------------
     0 | D:1      | bearlyready the Kobold Berserker began the quest for the
                  | Orb.
     0 | D:1      | Reached XP level 1. HP: 14/14 MP: 1/1
    66 | D:1      | Reached skill level 1 in Stealth
    69 | D:1      | Reached XP level 2. HP: 19/19 MP: 2/2
   568 | D:1      | Reached XP level 3. HP: 22/23 MP: 3/3
   664 | D:1      | Quit the game

Illustrated notes

Levels and vault maps discovered:
D:1:      co_arrival_square_in_a_square_in_a_square, layout_rooms

Skill      XL: |  1  2 |
---------------+-------+-----
Stealth        | 1 2 |  2.3
Fighting       | |  3.2
Short Blades   | |  4.7
Armour         | |  1.5
Dodging        | |  2.4

Action                   || total
-------------------------++-------
Melee: Short sword       ||    39
Invok: Berserk           ||     1
 Stab: Sleeping          ||     3
Armor: Animal skin       ||     4
Dodge: Dodged            ||    36
